 Dungeon Crawl Stone Soup version 0.29.1-14-g9c671dbff4 (webtiles) character file.

Game seed: 7950358111220090783

9412 devnull the Warrior (level 11, -7/135 HPs)
             Began as an Ogre Gladiator on Feb 18, 2023.
             Was a Believer of Zin.
             Mangled by a red very ugly thing (22 damage)
             ... on level 1 of the Abyss.
             The game lasted 00:40:06 (15180 turns).

devnull the Warrior (Ogre Gladiator)               Turns: 15180, Time: 00:40:06

Health: -7/135     AC:  9    Str: 24      XL:     11   Next: 46%
Magic:  15/15      EV: 10    Int:  9      God:    Zin [**....]
Gold:   298        SH:  0    Dex:  9 (10) Spells: 10/10 levels left

rFire   + . .      SeeInvis .   a - +1 battleaxe (flame)
rCold   . . .      Faith    .   (shield currently unavailable)
rNeg    . . .      Spirit   .   E - +0 robe
rPois   .          Reflect  .   c - +0 hat
rElec   .          Harm     .   r - +1 cloak "Roolear" {Slay+4}
rCorr   .          Rampage  .   (gloves unavailable)
Will    +....                   (boots unavailable)
Stlth   +.........              (no amulet)
HPRegen 0.32/turn               m - +4 ring of protection
MPRegen 0.14/turn               G - ring of protection from fire

@: no status effects
A: large, unfitting armour, tough skin 1
a: Renounce Religion, Recite, Vitalisation, Donate Gold


You were on level 1 of the Abyss.
You worshipped Zin.
Zin was pleased with you.
You visited 2 branches of the dungeon, and saw 11 of its levels.
You visited the Abyss 1 time.

You collected 1585 gold pieces.
You spent 1254 gold pieces at shops.
You donated 33 gold pieces to Zin.

Inventory:

Hand Weapons
 a - a +1 battleaxe of flaming (weapon)
 b - a +9 sling
 I - a +1 short sword of holy wrath
 K - a +2 broad axe
Missiles
 i - 30 poisoned darts (quivered)
 x - 4 datura-tipped darts
Armour
 c - a +0 hat (worn)
 r - the +1 cloak "Roolear" (worn) {Slay+4}
   (You acquired it on level 2 of the Dungeon)

   Slay:      It affects your accuracy & damage with ranged weapons and melee
   (+4).
 y - a +2 kite shield
 D - a +2 cloak of preservation
 E - a +0 robe (worn)
Jewellery
 m - a +4 ring of protection (left hand)
 G - a ring of protection from fire (right hand)
 M - a ring of magical power
 R - an amulet of guardian spirit
Wands
 d - a wand of acid (5)
 P - a wand of charming (6)
Scrolls
 e - 2 scrolls of teleportation
 o - 2 scrolls of immolation
 p - a scroll of magic mapping
 s - 3 scrolls of butterflies
 t - 2 scrolls of vulnerability
 w - a scroll of torment
 A - a scroll of enchant armour
 J - 3 scrolls of poison {unknown}
 L - a scroll of fear {unknown}
 N - a scroll of noise {unknown}
 O - a scroll of blinking
 S - a scroll of enchant weapon
Potions
 f - 2 potions of degeneration {unknown}
 g - 2 potions of cancellation
 h - 3 potions of magic
 j - 3 potions of invisibility {unknown}
 l - a potion of might {unknown}
 n - a potion of heal wounds {unknown}
 q - 3 potions of curing
 u - 5 potions of brilliance {unknown}
 v - a potion of flight {unknown}
 z - 3 potions of attraction {unknown}
 B - a potion of resistance {unknown}
 F - a potion of haste {unknown}
 H - 2 potions of mutation {unknown}
 Q - a potion of lignification {unknown}


   Skills:
 - Level 15.7 Fighting
 - Level 10.0 Axes
 - Level 5.0 Throwing
 - Level 2.6 Dodging
 - Level 5.0 Shields
 + Level 5.4 Invocations


You had 10 spell levels left.
You didn't know any spells.
Your spell library contained the following spells:

 Spells                   Type           Power      Damage    Failure   Level
 Beastly Appendage        Tmut           0%         N/A       38%         1
 Sandblast                Erth           0%         2d4       38%         1
 Summon Small Mammal      Summ           0%         N/A       38%         1
 Passwall                 Tmut/Erth      0%         N/A       52%         2
 Wereblood                Tmut           0%         N/A       52%         2
 Call Canine Familiar     Summ           0%         N/A       77%         3
 Spider Form              Tmut/Pois      0%         N/A       77%         3
 Stone Arrow              Conj/Erth      0%         3d7       77%         3
 Summon Guardian Golem    Hex/Summ       0%         N/A       77%         3
 Tukima's Dance           Hex            0%         N/A       77%         3
 Fulminant Prism          Conj/Hex       0%         3d6       99%         4
 Iskenderun's Mystic Bla  Conj/Tloc      0%         2d3       99%         4
 Passage of Golubria      Tloc           0%         N/A       99%         4
 Lee's Rapid Deconstruct  Erth           0%         3d5*      100%        5
 Yara's Violent Unravell  Hex/Tmut       0%         3d3       100%        5
 Orb of Destruction       Conj           0%         9d5       100%        7
 Spellforged Servitor     Conj/Summ      0%         N/A       100%        7


Dungeon Overview and Level Annotations

Branches:
Dungeon (10/15)            Temple (1/1) D:5            Lair (0/5) D:8
    Orc (0/2) D:9

Altars:
Ashenzari
Cheibriados
Dithmenos
Elyvilon
Fedhas
Gozag
Hepliaklqana
Kikubaaqudgha
Makhleb
Nemelex Xobeh
Okawaru
Qazlal
Ru
Sif Muna
Trog
Uskayaw
Vehumet
Xom
Yredelemnul
Zin
The Shining One

Shops:
D:2 ?

Annotations:
D:9 3 runed translucent doors, SirLogeyBear's ghost, novice HOBe


Innate Abilities, Weirdness & Mutations

You are too large for most types of armour.
You have tough skin. (AC +1)


Message History

You barely miss the red very ugly thing.
The red very ugly thing is heavily wounded.
The red very ugly thing kicks you!
You slash the red very ugly thing! You burn the red very ugly thing.
The red very ugly thing is severely wounded.
The red very ugly thing closely misses you.
You hit the red very ugly thing but do no damage.
The red very ugly thing is severely wounded.
The red very ugly thing kicks you!
You hit the red very ugly thing.
The red very ugly thing is severely wounded.
The red very ugly thing kicks you.
* * * LOW HITPOINT WARNING * * *
The red very ugly thing kicks you.
* * * LOW HITPOINT WARNING * * *
You slice the red very ugly thing!!
The red very ugly thing is almost dead.
The red very ugly thing kicks you!
* * * LOW HITPOINT WARNING * * *
You hit the red very ugly thing but do no damage.
The red very ugly thing is almost dead.
The red very ugly thing kicks you.
* * * LOW HITPOINT WARNING * * *
You hit the red very ugly thing.
The red very ugly thing is almost dead.
The red very ugly thing kicks you!!
* * * LOW HITPOINT WARNING * * *
You are covered in liquid flames.
You are covered in liquid flames!
Okay, then.
Unknown command.
You feel better.
You are covered in liquid flames!
The red very ugly thing closely misses you.
You feel better.
You are covered in liquid flames!
* * * LOW HITPOINT WARNING * * *
You are no longer on fire.
The red very ugly thing kicks you!!
You die...

# #. # ..
.#. ###
###. .
###.#
......
#.#..## #..
. .##.#u.#
#.. .#
#.#@# .
..#.##.#
#...####.##
##. .# .. #
###.... .##
.. ##.. .
.##. #..###
.#.## .
....... #
#. ..#.. .#


You could see a red very ugly thing.

Vanquished Creatures
  Pikel (D:6)
  Joseph (D:7)
  2 unseen horror zombies (D:9)
  2 hornets
  Grinder (D:6)
  Sigmund (D:2)
  The ghost of PorkyPig the Digger, an amateur GrEE (D:4)
  3 wyverns (D:8)
  17 yaks (D:9)
  Eustachio (D:4)
  A basilisk (D:8)
  A steam dragon (D:8)
  2 wargs (D:9)
  2 water moccasins (D:8)
  An orc warrior (D:9)
  3 ice beasts
  3 sky beasts
  4 black bears
  2 wolves (D:8)
  4 lemures (D:6)
  A phantom (D:6)
  2 kobold brigands
  2 bullfrogs
  7 scorpions
  2 gnoll sergeants
  2 necrophages (D:6)
  4 wights
  A howler monkey (D:9)
  2 hounds
  3 orc priests
  A quasit (Abyss:1)
  Crazy Yiuf (D:6)
  Jessica (D:3)
  Terence (D:3)
  6 iguanas
  16 orc wizards
  3 gnolls (D:9)
  8 adders
  A shadow imp (D:5)
  2 white imps
  A dart slug (D:1)
  37 orcs
  4 ball pythons
  An endoplasm (D:3)
  6 giant cockroaches
  4 hobgoblins
  5 jackals
  9 kobolds
  3 quokkas
  6 bats
  A frilled lizard (D:3)
  9 goblins
  6 rats
211 creatures vanquished.

Vanquished Creatures (others)
  8 plants
  5 starspawn tentacles (Abyss:1)
13 creatures vanquished.

Grand Total: 224 creatures vanquished

Notes
Turn   | Place    | Note
-------+----------+-------------------------------------------
     0 | D:1      | devnull the Ogre Gladiator began the quest for the Orb.
     0 | D:1      | Reached XP level 1. HP: 22/22 MP: 1/1
   244 | D:1      | Reached XP level 2. HP: 24/29 MP: 2/2
   486 | D:1      | Found a faded altar of an unknown god.
   943 | D:1      | Reached XP level 3. HP: 34/36 MP: 3/3
  1196 | D:2      | Found Xucas's Magic Scroll Boutique.
  1205 | D:2      | Bought a scroll of identify for 22 gold pieces
  1205 | D:2      | Bought a scroll of identify for 22 gold pieces
  1213 | D:2      | Noticed Jessica
  1355 | D:2      | Identified the +2 leather armour "Waoff" {+Inv rC+}
  1411 | D:2      | Reached XP level 4. HP: 44/44 MP: 4/4
  1612 | D:2      | Noticed Sigmund
  2310 | D:3      | Found a radiant altar of Vehumet.
  2420 | D:3      | Noticed Terence
  2433 | D:3      | Killed Terence
  2434 | D:3      | Reached skill level 5 in Axes
  2542 | D:3      | Found a shadowy altar of Dithmenos.
  2622 | D:3      | Killed Jessica
  2623 | D:3      | Reached XP level 5. HP: 40/50 MP: 5/5
  3148 | D:4      | Found a runed translucent door.
  3148 | D:4      | Noticed PorkyPig's ghost (amateur GrEE)
  3392 | D:4      | Noticed Eustachio
  4067 | D:5      | Entered Level 5 of the Dungeon
  4400 | D:4      | Killed Eustachio
  4401 | D:4      | Reached skill level 4 in Fighting
  4401 | D:4      | Reached XP level 6. HP: 31/64 MP: 6/6
  4669 | D:4      | Reached skill level 5 in Fighting
  4943 | D:4      | Reached skill level 6 in Fighting
  5233 | D:2      | Killed Sigmund
  5234 | D:2      | Reached skill level 7 in Fighting
  5234 | D:2      | Reached XP level 7. HP: 61/78 MP: 7/7
  5385 | D:5      | Reached skill level 8 in Fighting
  5455 | D:5      | Found a staircase to the Ecumenical Temple.
  5471 | Temple   | Entered the Ecumenical Temple
  6190 | D:5      | Reached skill level 9 in Fighting
  6373 | D:5      | Reached XP level 8. HP: 70/92 MP: 8/8
  6573 | D:5      | Reached skill level 10 in Fighting
  7371 | D:6      | Noticed Grinder
  7382 | D:6      | Paralysed by Grinder for 3 turns
  7387 | D:6      | Killed Grinder
  8033 | D:6      | Noticed Pikel
  8411 | D:6      | Reached XP level 9. HP: 101/101 MP: 9/9
  8418 | D:6      | Reached skill level 5 in Throwing
  8418 | D:6      | Reached skill level 1 in Shields
  9205 | D:6      | Found a runed translucent door.
  9206 | D:6      | Noticed Crazy Yiuf
  9233 | D:6      | Found a blossoming altar of Fedhas.
  9441 | D:6      | Killed Crazy Yiuf
  9631 | D:6      | Killed Pikel
  9632 | D:6      | Reached skill level 5 in Shields
 10127 | D:6      | Found a blossoming altar of Fedhas.
 10462 | D:7      | Identified a scroll of acquirement
 10463 | D:7      | Acquired 970 gold pieces
 10539 | D:2      | Found Xucas's Magic Scroll Boutique.
 10547 | D:2      | Bought a scroll of acquirement for 572 gold pieces
 10547 | D:2      | Bought a scroll of acquirement for 572 gold pieces
 10548 | D:2      | Acquired a +1 battleaxe of flaming
 10558 | D:2      | Acquired the +1 cloak "Roolear" {Slay+4}
 10572 | D:2      | Bought a scroll of butterflies for 44 gold pieces
 10572 | D:2      | Bought a scroll of identify for 22 gold pieces
 11208 | D:4      | Killed PorkyPig's ghost
 11346 | D:7      | Noticed a hornet
 11364 | D:7      | Paralysed by a hornet for 3 turns
 11367 | D:7      | Killed a hornet
 11914 | D:7      | Noticed Joseph
 11948 | D:7      | Killed Joseph
 11949 | D:7      | Reached skill level 10 in Axes
 11949 | D:7      | Reached XP level 10. HP: 22/111 MP: 10/10
 12539 | D:8      | Reached skill level 11 in Fighting
 12558 | D:8      | Reached skill level 12 in Fighting
 12886 | D:8      | Found a staircase to the Lair.
 12984 | D:8      | Reached skill level 13 in Fighting
 13030 | D:8      | Identified the +6 quarterstaff "Wuajido" {drain, *Slow rN+
                  | rCorr}
 13143 | D:8      | Found a shimmering altar of Xom.
 13671 | Temple   | Became a worshipper of the Shining One
 13813 | D:9      | Reached skill level 14 in Fighting
 13840 | D:9      | Reached XP level 11. HP: 73/131 MP: 11/11
 14067 | D:9      | Reached skill level 15 in Fighting
 14255 | D:9      | Found a broken altar of Ashenzari.
 14281 | D:9      | Found a glowing silver altar of Zin.
 14313 | D:9      | Found a runed translucent gate.
 14338 | D:9      | Fell from the grace of the Shining One
 14338 | D:9      | Became a worshipper of Zin the Law-Giver
 14338 | D:9      | Reached * piety under Zin
 14364 | D:9      | Found an iron altar of Okawaru.
 14413 | D:9      | Found a burning altar of Makhleb.
 14420 | D:9      | Reached skill level 1 in Invocations
 14489 | D:9      | Found a shimmering blue altar of Sif Muna.
 14541 | D:9      | Found a staircase to the Orcish Mines.
 14556 | D:9      | Reached ** piety under Zin
 14749 | D:9      | Found a runed translucent gate.
 14749 | D:9      | Found a runed translucent gate.
 14749 | D:9      | Noticed SirLogeyBear's ghost (novice HOBe)
 14780 | D:9      | Found a basalt altar of Yredelemnul.
 14784 | D:9      | Reached skill level 5 in Invocations
 14940 | D:10     | Entered Level 10 of the Dungeon
 14974 | Abyss:1  | Cast into level 1 of the Abyss (orc priest)
 15014 | Abyss:1  | Noticed a tentacled starspawn
 15033 | Abyss:1  | Noticed a red very ugly thing
 15081 | Abyss:1  | Noticed a starcursed mass
 15106 | Abyss:1  | Found a corrupted altar of Lugonu.
 15106 | Abyss:1  | Noticed a starcursed mass
 15178 | Abyss:1  | HP: 1/135 [red very ugly thing (21)]
 15180 | Abyss:1  | Mangled by a red very ugly thing

Illustrated notes

Levels and vault maps discovered:
D:1:      scummos_arrival_forest, layout_loops_ring, serial_bayou,
          serial_bayou_pond_c, serial_bayou_pond_a, serial_bayou_crossing,
          serial_bayou_pond_d, shapermc_ecumenical_altar_pompeii
D:2:      layout_basic, serial_shops, shop, minmay_misc_feat_tiny, uniq_sigmund,
          uniq_jessica
D:3:      layout_basic, nicolae_dithmenos_shadow_blocks,
          nicolae_vehumet_radiance, uniq_terence
D:4:      layout_basic, hellmonk_ghost_happy_afterlife, uniq_eustachio
D:5:      layout_rooms, minmay_temple_entry_wispy
D:6:      hellmonk_destroyed_diamonds, layout_basic, fedhas_altar_2,
          nicolae_fountain_basement, uniq_grinder, uniq_pikel,
          uniq_crazy_yiuf_cottage
D:7:      layout_rooms, uniq_joseph
D:8:      layout_basic, mainiacjoe_overflow_concentric_impassable,
          minmay_lair_entry_grove
D:9:      layout_cave_pools, zin_scriptorium, general_overflow_altar,
          nicolae_yredelemnul_ghost_church, kennysheep_orc_sif_temple,
          grunt_temple_overflow_open, minmay_orc_entry_guard_dogs
D:10:     layout_rooms, nzn_wu_jian_contemplation, enter_bailey_3
Temple:   minmay_temple_curvy_loop
Abyss:1:  base: Temple, evilmike_abyss_exit_12, lemuel_flamethrower_hall,
          guppyfry_abyss_exit_glass_guarded

Skill      XL: |  1  2  3  4  5  6  7  8  9 10 11 |
---------------+----------------------------------+-----
Axes           | 4 5 6 7 10 | 10.0
Fighting       | 4 7 9 10 14 15 | 15.7
Throwing       | 4 5 |  5.0
Shields        | 5 |  5.0
Invocations    | 5 |  5.4
Dodging        | |  2.6

Action                   |  1- 3 |  4- 6 |  7- 9 | 10-12 || total
-------------------------+-------+-------+-------+-------++-------
Melee: War axe           |   103 |    53 |       |       ||   156
       Broad axe         |       |    43 |   216 |       ||   259
       Punch             |       |       |     2 |       ||     2
       Battleaxe         |       |       |    31 |   182 ||   213
 Fire: Sling             |       |       |       |     3 ||     3
Throw: Large rock        |       |     4 |     4 |     1 ||     9
       Throwing net      |       |     4 |     4 |       ||     8
       Dart              |       |    14 |     9 |     4 ||    27
       Boomerang         |       |       |       |     4 ||     4
Invok: Recite            |       |       |       |     3 ||     3
       Vitalisation      |       |       |       |     1 ||     1
Evoke: Wand              |       |       |     1 |       ||     1
  Use: Scroll            |     5 |     5 |     9 |     3 ||    22
       Potion            |       |     1 |     5 |     3 ||     9
 Stab: Held in net/web   |       |       |     1 |       ||     1
Armor: Robe              |    32 |    43 |   102 |   110 ||   287
Dodge: Dodged            |    71 |    55 |   117 |   118 ||   361
Block: Kite shield       |       |       |    61 |       ||    61
